Map: [ESL] Equilibrium

Players

Kelazhur - Winner!

  • Race: Terran Terran
  • Spawn Location: 1:00

SpeCial

  • Race: Terran Terran
  • Spawn Location: 11:00

Event: ESL SC2 Masters 2023 Winter (Regional)

VOD

Have the link to the VOD?

Description

Time

  • Played on: Nov. 17, 2023, 1:44 p.m.
  • Length: 11:18

All games in this series

Show
View Real Time Build Order
Export as new Build Order

Kelazhur Terran - Winner!

Build Orders: Gas First Reaper Expand 

Get SALT Encoding   

  12  0:00  SCV  
  13  0:12  SCV  
  14  0:16  Supply Depot  
  14  0:24  SCV  
  14  0:27  Refinery  
  15  0:38  SCV  
  16  0:43  Barracks  
  16  0:50  SCV  
  17  1:02  SCV  
  18  1:14  SCV  
  19  1:30  Orbital Command, Reaper  
  20  1:39  Command Center  
  20  1:50  Factory  
  20  1:56  SCV  
  20  2:01  Supply Depot  
  21  2:05  Barracks Reactor  
  21  2:08  SCV  
  22  2:12  Refinery  
  22  2:20  SCV  
  23  2:32  SCV  
  24  2:40  Starport  
  24  2:44  Hellion x2, SCV  
  28  2:51  Orbital Command  
  29  2:53  Barracks Tech Lab  
  29  2:56  SCV  
  30  3:05  Hellion x2  
  34  3:08  SCV  
  35  3:16  SCV  
  35  3:18  Refinery  
  36  3:21  SCV  
  36  3:23  Raven  
  39  3:31  Cyclone x2  
  43  3:35  Supply Depot  
  43  3:36  SCV  
  43  3:38  SCV  
  45  3:43  Barracks Tech Lab  
  45  3:48  SCV  
  45  3:52  Supply Depot  
  46  3:57  SCV  
  47  4:03  Cyclone  
  47  4:05  Raven  
  47  4:06  SCV  
  47  4:09  SCV  
  53  4:13  Supply Depot  
  53  4:14  Cyclone  
  53  4:15  Interference Matrix  
  55  4:18  SCV  
  55  4:21  SCV  
  55  4:22  Supply Depot  
  57  4:30  SCV  
  56  4:33  SCV  
  57  4:41  Raven  
  57  4:42  SCV  
  57  4:45  SCV  
  60  4:54  SCV  
  60  4:56  Command Center  
  60  4:57  SCV  
  60  5:01  Marine x2  
  60  5:02  Siege Tank  
  60  5:06  SCV  
  65  5:09  SCV  
  66  5:18  SCV  
  69  5:21  SCV  
  69  5:28  Barracks x2, Engineering Bay  
  68  5:29  Supply Depot, Engineering Bay  
  68  5:30  SCV, Marine  
  68  5:31  Starport Reactor, Stimpack  
  68  5:33  SCV  
  71  5:37  Refinery  
  71  5:41  Siege Tank  
  74  5:43  SCV  
  74  5:45  SCV  
  76  5:50  Marine  
  76  5:55  SCV  
  77  5:58  SCV  
  77  6:01  Terran Infantry Weapons Level 1, Terran Infantry Armor Level 1  
  76  6:07  SCV  
  76  6:08  Missile Turret, Marine  
  76  6:10  Orbital Command, SCV  
  79  6:18  Starport Reactor  
  79  6:19  Marine x2, SCV  
  79  6:22  SCV  
  79  6:25  Marine x2  
  85  6:27  Siege Tank  
  85  6:29  Marauder, Supply Depot  
  85  6:31  SCV  
  91  6:33  Orbital Command, Missile Turret  
  91  6:34  SCV  
  92  6:42  Marine x2  
  92  6:43  SCV  
  92  6:46  Marine, SCV  
  92  6:47  Marine  
  96  6:54  Marauder  
  100  6:55  SCV  
  100  6:58  SCV  
  100  7:00  Siege Tank, Marine x2  
  97  7:01  SCV  
  97  7:04  Marine  
  97  7:06  Marine  
  97  7:07  SCV  
  101  7:09  Barracks  
  101  7:10  Barracks, SCV  
  101  7:11  Medivac  
  101  7:14  Medivac  
  101  7:15  Marauder  
  104  7:17  SCV  
  104  7:18  Marine  
  104  7:21  Combat Shield, Marine  
  107  7:29  Marine  
  104  7:32  SCV  
  104  7:36  Marauder  
  104  7:38  Marine x2  
  104  7:39  SCV, Marine  
  104  7:40  Siege Tank  
  107  7:47  SCV x2  
  107  7:49  Missile Turret, Supply Depot  
  107  7:50  Refinery  
  109  7:56  Viking x2, Supply Depot  
  113  7:59  SCV  
  113  8:01  Supply Depot  
  113  8:03  Armory  
  113  8:06  SCV  
  113  8:07  SCV  
  113  8:10  Marauder  
  113  8:11  Barracks Tech Lab, Marine  
  115  8:13  SCV  
  115  8:18  SCV  
  115  8:20  SCV  
  115  8:25  Marine  
  115  8:26  Viking  
  118  8:29  Marine x2  
  118  8:30  Marauder  
  118  8:32  Marauder  
  124  8:37  Refinery  
  117  8:51  Marauder  
  117  8:52  Marine  
  117  8:53  Marauder  
  117  8:55  Viking  
  123  8:56  Viking, Marine  
  123  8:57  Marine x3  
  123  9:01  SCV  
  130  9:05  Siege Tank  
  131  9:10  Marine  
  131  9:13  Marauder  
  131  9:14  Marauder, Marine x4  
  129  9:19  Command Center  
  127  9:26  Liberator x2  
  130  9:33  SCV x3  
  130  9:34  Marauder  
  130  9:36  Supply Depot, Marauder  
  137  9:45  Barracks Reactor  
  137  9:46  Marine x3  
  137  9:47  Marine  
  141  9:52  Supply Depot  
  141  9:53  Barracks  
  141  9:54  Barracks x2  
  141  9:55  Marauder  
  141  9:57  Marauder  
  145  10:03  Siege Tank  
  148  10:09  Marine x2  
  150  10:14  Liberator x2  
  150  10:15  Marine  
  150  10:17  Marauder  
  150  10:19  Marauder  
  161  10:21  Marine  
  161  10:26  Marine  
  163  10:34  Marine x3  
  163  10:35  Siege Tank  
  161  10:38  Marauder  
  161  10:40  Marauder  
  165  10:48  Marine x2  
  167  10:52  Missile Turret  
  167  10:53  Supply Depot  
  159  11:00  Marine  
  159  11:02  SCV x4  
Show
View Real Time Build Order
Export as new Build Order

SpeCial Terran 

Build Orders: Cyclone Opening, Gas First Reaper Expand, Mech 

Get SALT Encoding   

  12  0:00  SCV  
  13  0:12  SCV  
  14  0:17  Supply Depot  
  14  0:24  SCV  
  14  0:27  Refinery  
  15  0:38  SCV  
  16  0:44  Barracks  
  16  0:50  SCV  
  17  1:02  SCV  
  18  1:15  SCV  
  19  1:31  Orbital Command, Reaper  
  20  1:44  Command Center  
  20  1:54  Factory  
  20  1:58  SCV  
  21  2:03  Marine  
  21  2:08  Supply Depot  
  22  2:11  SCV  
  22  2:14  Refinery  
  23  2:29  SCV, Marine  
  25  2:38  Cyclone  
  25  2:41  SCV  
  25  2:42  Starport  
  28  2:47  Marine  
  29  2:53  SCV  
  29  2:56  Orbital Command  
  30  3:06  Barracks Tech Lab, SCV  
  33  3:13  Widow Mine  
  33  3:17  Refinery  
  33  3:18  SCV  
  34  3:22  SCV  
  34  3:23  Supply Depot  
  35  3:28  Cloaking Field  
  35  3:30  SCV  
  35  3:33  Banshee  
  39  3:34  SCV  
  39  3:40  Cyclone  
  42  3:44  Barracks Tech Lab  
  42  3:46  SCV x2  
  44  3:58  SCV  
  44  3:59  SCV  
  46  4:06  Command Center  
  45  4:10  SCV  
  45  4:11  SCV  
  47  4:18  Banshee  
  47  4:19  Supply Depot  
  47  4:23  Cyclone  
  52  4:28  SCV x2  
  54  4:32  Hurricane Engines  
  54  4:33  Hyperflight Rotors  
  54  4:41  Barracks Reactor  
  54  4:44  Factory  
  52  4:46  SCV x2  
  53  4:58  SCV x2  
  55  5:03  Banshee  
  55  5:08  Cyclone  
  55  5:10  SCV x2  
  59  5:15  Refinery  
  59  5:19  Orbital Command  
  59  5:22  SCV  
  59  5:23  SCV  
  61  5:28  Supply Depot  
  61  5:34  Cyclone x2  
  61  5:35  SCV x2  
  67  5:40  Cyclone  
  69  5:47  Banshee, SCV  
  69  5:48  Orbital Command  
  72  5:55  SCV  
  73  5:59  SCV  
  73  6:06  Cyclone x2  
  73  6:07  SCV  
  73  6:11  Factory, SCV  
  79  6:13  Cyclone, Engineering Bay  
  79  6:14  SCV  
  82  6:20  SCV  
  82  6:23  SCV  
  84  6:26  SCV  
  84  6:29  Refinery  
  84  6:31  Refinery  
  85  6:32  Refinery  
  85  6:37  Banshee, SCV x2  
  85  6:38  Cyclone, SCV  
  93  6:50  Missile Turret  
  93  6:54  Missile Turret  
  93  6:55  Armory  
  93  6:58  Factory Tech Lab  
  93  6:59  SCV x2  
  93  7:01  Cyclone  
  93  7:12  SCV x2  
  93  7:14  Cyclone  
  93  7:26  SCV  
  93  7:28  Siege Tank  
  92  7:31  SCV  
  92  7:36  Siege Tank, Cyclone, SCV  
  92  7:44  SCV  
  92  7:46  SCV  
  92  7:47  Supply Depot  
  92  7:48  Supply Depot  
  93  7:55  Banshee, Cyclone, Supply Depot  
  98  8:00  SCV x2  
  98  8:03  Missile Turret  
  95  8:06  Siege Tank  
  95  8:09  Cyclone  
  100  8:18  Siege Tank  
  96  8:26  SCV x2  
  96  8:28  Cyclone, SCV  
  97  8:38  Siege Tank, Banshee, SCV  
  97  8:41  Cyclone  
  104  8:48  Terran Vehicle Weapons Level 1  
  99  8:49  Factory, SCV  
  99  8:51  Factory  
  95  8:58  SCV  
  95  9:00  Cyclone  
  95  9:01  SCV  
  97  9:03  Siege Tank  
  95  9:12  Siege Tank, SCV  
  95  9:16  Cyclone  
  91  9:18  Supply Depot  
  91  9:20  Supply Depot  
  91  9:21  Banshee  
  91  9:30  Supply Depot  
  86  9:32  Cyclone  
  86  9:33  Supply Depot  
  86  9:34  Command Center  
  86  9:36  Factory Tech Lab, Factory Reactor  
  88  9:42  Supply Depot  
  88  9:46  Siege Tank  
  88  9:48  Cyclone  
  88  9:49  Siege Tank  
  96  9:55  SCV x2  
  98  10:02  Siege Tank  
  98  10:06  Banshee  
  104  10:18  Siege Tank  
  107  10:21  Siege Tank  
  107  10:22  Cyclone  
  107  10:24  SCV x2  
  114  10:34  Siege Tank, Cyclone  
  114  10:35  Cyclone x2  
  114  10:36  SCV  
  115  10:47  Orbital Command  
  118  11:04  Refinery  
  123  11:05  Refinery  
Tags
 
Add a new tag
Caveats
  • Supply blocks, unpowered buildings, or Contaminate may cause inaccurate times.
  • Supply counts are checked every 10 seconds.